 Dungeon Crawl Stone Soup version 0.24.0-35-gdb84b6a5db (webtiles) character file.

Game seed: 5635637159484819909, levelgen mode: deterministic

1275 Kobolds4U the Carver (level 8, -7/60 HPs)
             Began as a Demonspawn Berserker on Nov 17, 2019.
             Was a Priest of Trog.
             Mangled by an orc warrior
             ... wielding a +0 battleaxe
              (17 damage)
             ... on level 7 of the Dungeon.
             The game lasted 00:11:01 (6921 turns).

Kobolds4U the Carver (Demonspawn Berserker)         Turns: 6921, Time: 00:11:02

Health: -7/60      AC: 13    Str: 18    XL:     8   Next: 28%
Magic:  8/8        EV: 12    Int:  8    God:    Trog [***...]
Gold:   204        SH:  2    Dex: 15    Spells: 7/7 levels left

rFire    . . .     SeeInvis .   a - +0 falchion
rCold    + . .     Gourm    .   (no shield)
rNeg     . . .     Faith    .   o - +0 leather armour (curse)
rPois    .         Spirit   .   C - +1 hat
rElec    .         Reflect  +   x - -2 cloak (curse)
rCorr    .         Harm     .   (no gloves)
MR       .....     Rnd*Tele +   (no boots)
Stlth    ++........             r - +2 amulet of reflection
HPRegen  0.20/turn              e - ring of teleportation (curse)
MPRegen  0.11/turn              (no ring)

@: no status effects
A: talons 1, camouflage 1, cold resistance 1, icemail, mutation resistance 1,
spiny 1, freezing cloud immunity
a: Berserk, Trog's Hand, Renounce Religion


You were on level 7 of the Dungeon.
You worshipped Trog.
Trog was most pleased with you.
You were near starving.

You visited 1 branch of the dungeon, and saw 7 of its levels.

You collected 204 gold pieces.

Inventory:

Hand Weapons
 a - a +0 falchion (weapon)
 f - a +2 whip of electrocution
Armour
 b - a +0 animal skin
 o - a cursed +0 leather armour (worn)
 p - a +0 chain mail
 x - a cursed -2 cloak (worn)
 y - a +0 chain mail
 C - a +1 hat (worn)
Jewellery
 e - a cursed ring of teleportation (left hand)
 r - a +2 amulet of reflection (around neck)
 B - a +1 ring of slaying {unknown}
Wands
 s - a wand of polymorph (7)
 u - a wand of random effects (12)
Scrolls
 g - a scroll of magic mapping {unknown}
 h - 4 scrolls of teleportation
 i - a scroll of enchant armour {unknown}
 l - a scroll of fog {unknown}
 t - a scroll of fear
 v - 4 scrolls of enchant weapon
 w - a scroll of blinking {unknown}
 z - a scroll of remove curse {unknown}
 E - a scroll of identify
Potions
 d - a potion of degeneration
 j - a potion of flight
 k - a potion of resistance
 m - a potion of cancellation {unknown}
 n - a potion of lignification {unknown}
 q - a potion of ambrosia
 A - a potion of curing {unknown}
Comestibles
 c - 5 rations
 D - 4 chunks of flesh


   Skills:
 + Level 3.9 Fighting
 + Level 9.3 Long Blades
 - Level 1.7 Armour
 - Level 1.7 Dodging


You had 7 spell levels left.
You didn't know any spells.
Your spell library was empty.

Dungeon Overview and Level Annotations

Branches:
Dungeon (7/15)             Temple (0/1) D:4

Altars:
Hepliaklqana
Trog


Innate Abilities, Weirdness & Mutations

Your flesh is cold resistant. (rC+)
A meltable icy envelope protects you from harm. (AC +10)
You are partially covered in sharp spines.
You are immune to freezing clouds.
You have sharp toenails.
Your skin changes colour to match your surroundings (Stealth+).
You are somewhat resistant to further mutation.


Message History

The orc closely misses you.
You barely miss the orc warrior. Your kick misses the orc warrior.
The orc warrior is severely wounded.
The orc warrior barely misses you. The crimson imp spits at you.
The orc hits you from afar with a +0 trident.
* * * LOW HITPOINT WARNING * * *
The crimson imp lashes its tail.
There is a stone staircase leading down here.
You can't go up here!
The orc warrior is struck by your spines.
The orc warrior barely misses you. The orc hits you but does no damage.
You climb downwards.
There is a stone staircase leading up here.
You barely miss the orc warrior. Your kick misses the orc warrior.
The orc warrior is severely wounded.
You hit the orc warrior.
The orc warrior is almost dead.
The orc warrior hits you with a +0 battleaxe!
You die...

##.......#
#.....
#####........#
#.....
#...#....#####
#...#.
#......##
##..##
##....## #...#
#.....# ##...
....#...##
#### #. ...
#....#####o.#
##
###.......@#
##...##..#
##.###..# ###
##.# #.# ...
#... ###.


You could see an orc warrior.

Vanquished Creatures
  Grinder (D:5)
  A hungry ghost (D:6)
  2 ice beasts
  2 scorpions
  A howler monkey (D:5)
  2 crimson imps
  A bullfrog zombie (D:3)
  3 hounds
  An orc priest (D:4)
  3 orc wizards
  An iguana (D:4)
  2 hound zombies
  A worker ant zombie (D:5)
  7 adders
  5 gnolls
  A howler monkey zombie (D:7)
  2 oozes
  An adder skeleton (D:4)
  An adder zombie (D:5)
  3 worms
  A dart slug (D:1)
  3 leopard geckos
  13 orcs
  8 bats
  5 giant cockroaches
  4 goblins
  3 hobgoblins
  5 kobolds
  9 quokkas
  A leopard gecko skeleton (D:5)
  5 rats
98 creatures vanquished.

Vanquished Creatures (others)
  4 toadstools (D:1)
4 creatures vanquished.

Grand Total: 102 creatures vanquished

Notes
Turn   | Place    | Note
-------+----------+-------------------------------------------
     0 | D:1      | Kobolds4U the Demonspawn Berserker began the quest for the
                  | Orb.
     0 | D:1      | Reached XP level 1. HP: 18/18 MP: 1/1
   158 | D:1      | Reached skill level 3 in Long Blades
   158 | D:1      | Gained mutation: Your flesh is cold resistant. (rC+)
                  | [demonic ancestry]
   158 | D:1      | Reached XP level 2. HP: 16/24 MP: 2/2
   860 | D:2      | Reached XP level 3. HP: 10/29 MP: 3/3
  1215 | D:2      | Reached skill level 4 in Long Blades
  1304 | D:2      | Found a hazy altar of Hepliaklqana.
  1757 | D:2      | Reached ** piety under Trog
  2119 | D:2      | Reached XP level 4. HP: 35/35 MP: 4/4
  2862 | D:3      | Reached skill level 5 in Long Blades
  3063 | D:3      | Gained mutation: You are immune to freezing clouds.
                  | [demonic ancestry]
  3063 | D:3      | Reached XP level 5. HP: 26/41 MP: 5/5
  4108 | D:2      | Gained mutation: You are occasionally teleported next to
                  | monsters. [potion of mutation]
  4108 | D:2      | Gained mutation: Your body sometimes deteriorates upon
                  | taking damage. [potion of mutation]
  4108 | D:2      | Gained mutation: You have sharp toenails. [potion of
                  | mutation]
  4114 | D:2      | HP: 2/41 [orc wizard/cursed -3 dagger (2)]
  4566 | D:3      | Reached skill level 6 in Long Blades
  4570 | D:3      | Lost mutation: You have sharp toenails. [potion of
                  | mutation]
  4570 | D:3      | Lost mutation: Your body sometimes deteriorates upon taking
                  | damage. [potion of mutation]
  4570 | D:3      | Lost mutation: You are occasionally teleported next to
                  | monsters. [potion of mutation]
  4570 | D:3      | Gained mutation: Your skin changes colour to match your
                  | surroundings (Stealth+). [potion of mutation]
  4570 | D:3      | Gained mutation: You have sharp toenails. [potion of
                  | mutation]
  4570 | D:3      | Gained mutation: You are somewhat resistant to further
                  | mutation. [potion of mutation]
  5220 | D:4      | Found a staircase to the Ecumenical Temple.
  5324 | D:4      | Gained mutation: A meltable icy envelope protects you from
                  | harm. (AC +10) [demonic ancestry]
  5324 | D:4      | Reached XP level 6. HP: 5/47 MP: 6/6
  5781 | D:4      | Noticed an ice beast
  5801 | D:4      | Killed an ice beast
  5972 | D:5      | Entered Level 5 of the Dungeon
  5993 | D:4      | Reached skill level 7 in Long Blades
  6312 | D:4      | Reached XP level 7. HP: 50/52 MP: 7/7
  6448 | D:5      | Noticed Grinder
  6463 | D:5      | Killed Grinder
  6463 | D:5      | Reached *** piety under Trog
  6463 | D:5      | Reached skill level 8 in Long Blades
  6601 | D:5      | Noticed a moth of wrath
  6604 | D:5      | Found a bloodstained altar of Trog.
  6776 | D:5      | You fall into a shaft and drop 2 floors!
  6839 | D:7      | Reached skill level 9 in Long Blades
  6839 | D:7      | Gained mutation: You are partially covered in sharp spines.
                  | [demonic ancestry]
  6839 | D:7      | Reached XP level 8. HP: 58/58 MP: 8/8
  6921 | D:7      | Mangled by an orc warrior

Levels and vault maps discovered:
D:1:      ldierk_water_garden, layout_basic, nrook_mini_backslash,
          minmay_pentomino_p2
D:2:      wad_woods_tower, layout_basic, lemuel_round_altar, first_ration
D:3:      layout_basic, minmay_misc_feat_doors
D:4:      layout_loops_ring, minmay_temple_entry_junction
D:5:      layout_rooms, tgw_trog, kennysheep_generic_room_12, uniq_grinder
D:6:      layout_basic, lemuel_coloured_pillars_altar
D:7:      layout_layer_cave

Skill      XL: |  1  2  3  4  5  6  7 |
---------------+----------------------+-----
Long Blades    | 3 4 5 6 7 9 |  9.3
Fighting       | |  3.9
Armour         | |  1.7
Dodging        | |  1.7

Action                   |  1- 3 |  4- 6 |  7- 9 || total
-------------------------+-------+-------+-------++-------
Melee: Falchion          |    85 |   237 |   128 ||   450
       Kick              |       |    39 |    51 ||    90
  Use: Scroll            |       |     5 |     2 ||     7
       Potion            |       |     2 |       ||     2
 Stab: Sleeping          |     1 |     1 |     2 ||     4
  Eat: Chunk             |     3 |    14 |     2 ||    19
Armor: Animal skin       |     6 |       |       ||     6
       Leather armour    |     9 |    57 |    35 ||   101
Dodge: Dodged            |    51 |   150 |    60 ||   261
Block: Other             |     2 |    14 |     2 ||    18
       Rpst.: Falchion   |    25 |    44 |    17 ||    86
